 Dungeon Crawl Stone Soup version 0.23.1 (webtiles) character file.

Game seed: 1945757061724874839

671 nikopol the Poker (level 7, -2/62 (63) HPs)
             Began as a Minotaur Berserker on Mar 4, 2019.
             Was a Believer of Trog.
             Slain by an ogre
             ... wielding a +0 giant club
              (25 damage)
             ... on level 5 of the Dungeon.
             The game lasted 00:06:38 (3640 turns).

nikopol the Poker (Minotaur Berserker)              Turns: 3640, Time: 00:06:39

HP:   -2/62 (63)    AC:  6    Str: 23    XL:     7   Next: 32%
MP:   6/6           EV: 11    Int:  4    God:    Trog [**....]
Gold: 69            SH:  0    Dex: 10    Spells: 6/6 levels left

rFire    . . .     SeeInvis .   a - +0 spear
rCold    . . .     Gourm    .   (no shield)
rNeg     . . .     Faith    .   A - +0 scale mail
rPois    .         Spirit   .   (helmet restricted)
rElec    .         Reflect  .   (no cloak)
rCorr    .         Harm     .   (no gloves)
MR       .....                  (no boots)
Stlth    ..........             (no amulet)
HPRegen  0.20/turn              (no ring)
MPRegen  0.10/turn              (no ring)

@: no status effects
A: retaliatory headbutt, horns 2
a: Berserk, Trog's Hand, Renounce Religion


You were on level 5 of the Dungeon.
You worshipped Trog.
Trog was pleased with you.
You were hungry.

You visited 1 branch of the dungeon, and saw 6 of its levels.

You collected 209 gold pieces.
You spent 140 gold pieces at shops.

Inventory:

Hand Weapons
 a - a +0 spear (weapon)
Missiles
 e - 35 arrows
 g - 44 bolts
Armour
 b - a +0 animal skin
 A - a +0 scale mail (worn)
Wands
 v - a wand of disintegration (11)
 y - a wand of iceblast (5)
 z - a wand of enslavement (12)
 B - a wand of acid (9)
Scrolls
 h - a scroll of teleportation {unknown}
 i - a scroll of enchant weapon {unknown}
 j - a scroll of noise {unknown}
 k - 2 scrolls of enchant armour {unknown}
 n - 4 scrolls of identify
 o - 3 scrolls of immolation {unknown}
 r - a scroll of remove curse {unknown}
 t - a scroll of amnesia {unknown}
 x - 2 scrolls of random uselessness {unknown}
Potions
 d - 4 potions of curing
 f - a potion of might {unknown}
 l - a potion of agility {unknown}
 m - a potion of lignification {unknown}
 p - 2 potions of cancellation {unknown}
 q - a potion of resistance {unknown}
 s - a potion of mutation {unknown}
 u - 2 potions of haste {unknown}
 w - 3 potions of heal wounds
Comestibles
 c - 7 rations


   Skills:
 + Level 6.0 Fighting
 + Level 7.4 Polearms
 + Level 2.7 Armour
 + Level 4.4 Dodging
 + Level 1.7 Stealth


You had 6 spell levels left.
You didn't know any spells.
Your spell library was empty.

Dungeon Overview and Level Annotations

Branches:
Dungeon (6/15)             Temple (0/1) D:4

Altars:
Gozag
Kikubaaqudgha
Nemelex Xobeh
Ru
Uskayaw
The Shining One

Shops:
D:4 ![}


Innate Abilities, Weirdness & Mutations

You reflexively headbutt those who attack you in melee.
You have a pair of horns on your head.


Message History

You are too injured to fight recklessly!
You are too injured to fight recklessly!
You are too injured to fight recklessly!
You are too injured to fight recklessly!
You are too injured to fight recklessly!
You are too injured to fight recklessly!
You are too injured to fight recklessly!
You are too injured to fight recklessly!
You are too injured to fight recklessly!
You are too injured to fight recklessly!
You are too injured to fight recklessly!
You are too injured to fight recklessly!
You are too injured to fight recklessly!
You are too injured to fight recklessly!
You are too injured to fight recklessly!
You are too injured to fight recklessly!
You hit the ogre. Your headbutt misses the ogre.
The ogre is severely wounded.
The ogre hits you with a +0 giant club!!
You die...

##.. ..... #### ##... .....
##..## ###.... ..........#
##....## ###...... ...........
#......# ###........
............#......####..........
.............$......#..#.........
.....................###.........
...............O@...## #.........
......# ............# #.........
......# ............# ##........
.....## .............# #........
....## .............# ##.......
...## ...=.........# #.......
...# .............# ##...... .(##
......./.....# ###...# .## ####


You could see an ogre.

Vanquished Creatures
  An ogre (D:3)
  A necrophage (D:5)
  A phantom (D:4)
  A scorpion (D:2)
  2 vampire bats (D:3)
  A howler monkey (D:4)
  2 hounds (D:4)
  A bullfrog skeleton (D:5)
  2 worker ants (D:4)
  4 adders (D:4)
  An adder zombie (D:5)
  2 worms
  5 dart slugs
  A leopard gecko (D:6)
  2 ball pythons
  5 bat skeletons (D:3)
  A bat zombie (D:3)
  5 giant cockroaches
  6 hobgoblins
  A quokka (D:4)
  9 bats
  A frilled lizard (D:3)
  6 goblins
  9 kobolds
  A quokka skeleton (D:4)
  4 rats
75 creatures vanquished.

Notes
Turn   | Place    | Note
-------+----------+-------------------------------------------
     0 | D:1      | nikopol the Minotaur Berserker began the quest for the Orb.
     0 | D:1      | Reached XP level 1. HP: 19/19 MP: 0/0
   285 | D:1      | Reached XP level 2. HP: 13/27 MP: 1/1
   935 | D:1      | Reached skill level 4 in Polearms
  1281 | D:2      | Found a glowing golden altar of the Shining One.
  1281 | D:2      | Found an opulent altar of Gozag.
  1282 | D:2      | Found a sparkling altar of Nemelex Xobeh.
  1294 | D:2      | Reached XP level 3. HP: 33/34 MP: 2/2
  1383 | D:2      | Found a hide-covered altar of Uskayaw.
  1440 | D:2      | Noticed a scorpion
  1449 | D:2      | Killed a scorpion
  1449 | D:2      | Reached XP level 4. HP: 20/41 MP: 3/3
  1475 | D:2      | Reached ** piety under Trog
  2021 | D:3      | Reached skill level 5 in Polearms
  2374 | D:3      | Reached skill level 5 in Fighting
  2377 | D:3      | Found an ancient bone altar of Kikubaaqudgha.
  2380 | D:3      | Reached XP level 5. HP: 44/48 MP: 4/4
  2470 | D:3      | Noticed an ogre
  2477 | D:3      | Killed an ogre
  2477 | D:3      | Reached skill level 6 in Polearms
  2477 | D:3      | Reached skill level 1 in Stealth
  2477 | D:3      | Reached XP level 6. HP: 32/56 MP: 5/5
  2731 | D:4      | Found Azeajeh's Distillery.
  2736 | D:4      | Bought 2 potions of heal wounds for 140 gold pieces
  2755 | D:4      | Found Pisyss's Antique Armour Boutique.
  2765 | D:4      | Found a staircase to the Ecumenical Temple.
  2765 | D:4      | You fall through a shaft for 2 floors!
  2850 | D:5      | Entered Level 5 of the Dungeon
  2913 | D:4      | Found a sacrificial altar of Ru.
  3080 | D:4      | Reached skill level 7 in Polearms
  3080 | D:4      | Reached XP level 7. HP: 52/62 MP: 6/6
  3309 | D:4      | Found Umodum's Gadget Boutique.
  3640 | D:5      | Slain by an ogre

Skill      XL: |  1  2  3  4  5  6  7 |
---------------+----------------------+-----
Fighting       | 4 5 6 |  6.0
Polearms       | 4 5 6 7 |  7.4
Dodging        | 3 4 |  4.4
Stealth        | 1 |  1.7
Armour         | |  2.7

Action                   |  1- 3 |  4- 6 |  7- 9 || total
-------------------------+-------+-------+-------++-------
Melee: Spear             |    76 |   109 |    56 ||   241
       Headbutt          |     8 |    17 |     8 ||    33
  Use: Scroll            |       |     1 |       ||     1
       Potion            |       |     1 |       ||     1
 Stab: Sleeping          |       |     2 |     1 ||     3
  Eat: Chunk             |     2 |     5 |     1 ||     8
Armor: Animal skin       |     8 |    14 |     1 ||    23
       Scale mail        |       |       |     6 ||     6
Dodge: Dodged            |    20 |    46 |    17 ||    83
